 Dungeon Crawl Stone Soup version 0.20.1-1-g8b1a95d (webtiles) character file.

141 Vno the Shield-Bearer (level 5, -4/46 HPs)
             Began as a Draconian Fighter on Nov 9, 2017.
             Killed from afar by an orc wizard (7 damage)
             ... with a puff of flame
             ... on level 3 of the Dungeon.
             The game lasted 00:19:51 (3176 turns).

Vno the Shield-Bearer (Draconian Fighter)           Turns: 3176, Time: 00:19:51

Health: -4/46      AC:  5    Str: 26    XL:     5   Next: 3%
Magic:  5/5        EV: 10    Int:  9    God:
Gold:   136        SH:  9    Dex: 10    Spells: 4/4 levels left

rFire    . . .     SeeInvis .   a - +0 long sword
rCold    . . .     Gourm    .   b - +0 shield
rNeg     . . .     Faith    .   (armour unavailable)
rPois    .         Spirit   .   (helmet restricted)
rElec    .         Reflect  .   (no cloak)
rCorr    +         Harm     .   (no gloves)
MR       .....                  (no boots)
Stlth    +.........             (no amulet)
Regen    0.2/turn               g - ring of resist corrosion
MPRegen  0.1/turn               o - +2 ring of strength

@: mighty, hasted, drained, very quick
A: unfitting armour, cold-blooded, AC +5
a: no special abilities


You were on level 3 of the Dungeon.
You were not hungry.

You visited 1 branch of the dungeon, and saw 4 of its levels.

You collected 136 gold pieces.

Inventory:

Hand Weapons
 a - a +0 long sword (weapon)
Missiles
 r - 5 javelins (quivered)
 t - 30 bolts
Armour
 b - a +0 shield (worn)
Jewellery
 g - a ring of resist corrosion (left hand)
 o - a +2 ring of strength (right hand)
Scrolls
 f - a scroll of blinking
 h - a scroll of immolation {unknown}
 q - a scroll of identify
 s - 2 scrolls of random uselessness {unknown}
Potions
 k - a potion of flight {unknown}
 n - 2 potions of cancellation {unknown}
Comestibles
 d - 2 bread rations
 j - a royal jelly


   Skills:
 + Level 3.8(3.3) Fighting
 + Level 3.0(2.5) Long Blades
 + Level 0.5(0.0) Throwing
 + Level 3.3(2.8) Dodging
 + Level 0.8(0.3) Stealth
 + Level 4.0(3.5) Shields


You had 4 spell levels left.
You didn't know any spells.

Dungeon Overview and Level Annotations

Branches:
Dungeon (4/15)
 Temple: D:4-7

Altars:


Innate Abilities, Weirdness & Mutations

Your plain brown scales are hard. (AC +5)
You cannot fit into any form of body armour.
You are cold-blooded and may be slowed by cold attacks.


Message History

You kill the orc!
You miss something. Something hits you. Something hits you but does no damage.
You completely miss something. You tail-slap something! Something hits you.
You miss something. Something hits you.
You miss something.
You hear some strange, mumbled words.
A magic dart appears from out of thin air!
The magic dart hits you!
* * * LOW HITPOINT WARNING * * *
You hear some strange, mumbled words.
A puff of flame appears from out of thin air!
The puff of flame hits you!
* * * LOW HITPOINT WARNING * * *
Wield which item (- for none, * to show all)? (? for menu, Esc to quit)
Okay, then.
You feel yourself speed up.
You hear some strange, mumbled words.
A puff of flame appears from out of thin air!
The puff of flame hits you!
You die...

# # # ####### # #[....# # #.....#
# #.....##### ##### #.........#
....#################.........###
................@{oo.............
####.################.........###
...<................'.>.......#
#..##..#.#####.######.o.......#
.......#.# #.# #.........#
...##..#.# #.# #.........#
.........# #.# #.........#
...###.### #.# #.........# ...#
#.## #.# ###########


You could see 2 orcs.

Vanquished Creatures
  An orc priest (D:3)
  4 adders
  An ooze (D:2)
  A worm (D:3)
  6 dart slugs
  2 leopard geckos (D:3)
  An orc (D:3)
  A ball python (D:3)
  2 giant cockroaches (D:1)
  2 goblins (D:2)
  5 hobgoblins
  13 kobolds
  2 quokkas (D:3)
  7 bats
  6 frilled lizards
  6 rats
60 creatures vanquished.

Notes
Turn   | Place    | Note
-------+----------+-------------------------------------------
     0 | D:1      | Vno the Draconian Fighter began the quest for the Orb.
     0 | D:1      | Reached XP level 1. HP: 19/19 MP: 1/1
   365 | D:1      | Reached XP level 2. HP: 26/26 MP: 2/2
  1002 | D:2      | Reached XP level 3. HP: 31/31 MP: 3/3
  1964 | D:3      | Reached XP level 4. HP: 37/40 MP: 4/4
  2473 | D:3      | Reached skill level 4 in Shields
  2864 | D:4      | Noticed an ogre
  3169 | D:3      | Reached XP level 5. HP: 34/46 MP: 5/5
  3176 | D:3      | Killed from afar by an orc wizard

Skill      XL: |  1  2  3  4 |
---------------+-------------+-----
Dodging        | 3 |  3.3
Shields        | 4 |  4.0
Long Blades    | 3 |  3.0
Fighting       | |  3.8
Throwing       | |  0.5
Stealth        | |  0.8

Action                   |  1- 3 |  4- 6 || total
-------------------------+-------+-------++-------
Melee: Long sword        |   105 |    78 ||   183
       Tailslap          |    10 |     9 ||    19
Throw: Javelin           |       |     5 ||     5
  Use: Potion            |     1 |     2 ||     3
       Scroll            |       |     5 ||     5
  Eat: Chunk             |     3 |     3 ||     6
       Bread ration      |       |     1 ||     1
Armor: Skin              |    47 |    33 ||    80
Dodge: Dodged            |    49 |    23 ||    72
Block: Shield            |    70 |    40 ||   110
       Rpst.: Long sword |    19 |     5 ||    24
